 Dungeon Crawl Stone Soup version 0.26-a0-812-g31a745ddcd (webtiles) character file.

Game seed: 11210949181923666845

6141 MalarOregon the Grappler (level 10, -15/81 HPs)
             Began as a Grey Draconian Transmuter on Nov 29, 2020.
             Was a Priest of Nemelex Xobeh.
             Demolished by Snorg (22 damage)
             ... on level 10 of the Dungeon.
             The game lasted 00:22:25 (10708 turns).

MalarOregon the Grappler (DrTm)                    Turns: 10708, Time: 00:22:25

Health: -15/81     AC: 14    Str: 15    XL:     10   Next: 59%
Magic:  17/17      EV: 14    Int: 14    God:    Nemelex Xobeh [***...]
Gold:   599        SH:  5    Dex: 12    Spells: 6/19 levels left

rFire    . . .     SeeInvis .     - Unarmed
rCold    . . .     Faith    .   B - +0 buckler
rNeg     . . .     Spirit   .   (armour unavailable)
rPois    .         Reflect  .   (helmet currently unavailable)
rElec    .         Harm     .   l - +1 cloak
rCorr    .         Rampage  .   (no gloves)
MR       .....                  (boots currently unavailable)
Stlth    +.........             e - amulet of regeneration
HPRegen  0.63/turn              (no ring)
MPRegen  0.15/turn              (no ring)

@: appendages
A: walk through water, unfitting armour, horns 2, talons 2, unbreathing,
cold-blooded, AC +12
a: End Transformation, Draw Escape, Draw Destruction, Draw Summoning, Triple
Draw, Renounce Religion


You were on level 10 of the Dungeon.
You worshipped Nemelex Xobeh.
Nemelex Xobeh was most pleased with you.
You had grown temporary horns.
You had grown temporary talons.
You visited 2 branches of the dungeon, and saw 11 of its levels.
You also visited: Ossuary.

You collected 599 gold pieces.

Inventory:

Hand Weapons
 m - the +10 spear "Facarim" {vorpal, rElec rC++ MP+9, unknown}
   (You found it on level 6 of the Dungeon)

   It inflicts extra damage upon your enemies.
   It greatly protects you from cold.
   It insulates you from electricity.
   It affects your magic capacity (+9).
Missiles
 f - 11 boomerangs (quivered)
Armour
 i - a +2 kite shield
   (You found it on level 3 of the Dungeon)
 l - a +1 cloak (worn)
   (You found it on level 7 of the Dungeon)
 B - a +0 buckler (worn)
   (You found it on level 9 of the Dungeon)
Jewellery
 e - an amulet of regeneration (around neck)
   (You took it off a goblin on level 3 of the Dungeon)
Wands
 c - a wand of disintegration (7)
   (You found it on level 8 of the Dungeon)
 d - a wand of iceblast (4)
   (You took it off an orc on level 7 of the Dungeon)
 t - a wand of flame (18)
   (You took it off a goblin on level 9 of the Dungeon)
 u - a wand of paralysis (13)
   (You found it on level 4 of the Dungeon)
 x - a wand of polymorph (14)
   (You found it on level 8 of the Dungeon)
Scrolls
 b - 8 scrolls of identify {@r1}
 k - a scroll of blinking
 p - 2 scrolls of random uselessness {unknown}
 q - 2 scrolls of amnesia
 r - 3 scrolls of enchant armour {unknown}
 v - 4 scrolls of remove curse {@r2}
 y - 2 scrolls of teleportation {@r4}
 z - a scroll of torment {unknown}
 A - 4 scrolls of enchant weapon
 C - a scroll of fog
 D - 2 scrolls of magic mapping {unknown}
Potions
 a - 5 potions of attraction {!q}
 g - 8 potions of curing {@q1}
 h - a potion of ambrosia
 j - 2 potions of brilliance
 n - 2 potions of heal wounds {unknown}
 o - a potion of might
 s - a potion of resistance {unknown}
 w - 2 potions of mutation {unknown}


   Skills:
 + Level 5.5 Fighting
 + Level 5.0 Dodging
 * Level 5.8 Shields
 * Level 8.1 Unarmed Combat
 + Level 5.1 Spellcasting
 * Level 6.5 Transmutations
 - Level 4.0 Ice Magic
 - Level 3.0 Poison Magic
 + Level 4.6 Invocations


You had 6 spell levels left.
You knew the following spells:

 Your Spells              Type           Power        Failure   Level
a - Beastly Appendage     Tmut           ###...       1%          1
b - Blade Hands           Tmut           ###.......   32%         5
c - Ice Form              Ice/Tmut       ###.....     21%         4
x - Spider Form           Tmut/Pois      ###.......   8%          3

Your spell library contained the following spells:

 Spells                   Type           Power        Failure   Level
 Wereblood                Tmut           ###.....     1%          2
 Petrify                  Tmut/Erth      ##......     41%         4
 Confusing Touch          Hex            #.......     45%         3
 Gell's Gravitas          Tloc           #.........   45%         3
 Yara's Violent Unravell  Hex/Tmut       ##........   77%         5
 Metabolic Englaciation   Hex/Ice        #.........   91%         5


Dungeon Overview and Level Annotations

Branches:
Dungeon (10/15)            Temple (1/1) D:5         Ossuary (visited)
   Lair: D:8-11         Orc: D:9-12

Altars:
Ashenzari
Cheibriados
Dithmenos
Elyvilon
Fedhas
Gozag
Hepliaklqana
Kikubaaqudgha
Makhleb
Nemelex Xobeh
Okawaru
Qazlal
Ru
Sif Muna
Trog
Uskayaw
Vehumet
Wu Jian
Xom
Yredelemnul
Zin
The Shining One

Annotations:
D:8 1 transporter, PanSaczeczos's ghost, novice TrIE
D:10 Snorg


Innate Abilities, Weirdness & Mutations

You can walk through water.
Your dull iron-grey scales are very hard. (AC +12)
You cannot fit into any form of body armour.
You can survive without breathing.
You are cold-blooded and may be slowed by cold attacks.
You have a pair of horns on your head.
You have razor-sharp toenails.


Message History

The weapon returns to the orc!
The orc throws a boomerang.
The boomerang misses you.
The weapon returns to the orc!
The orc closely misses you.
You punch the orc!
You kill the orc!
No target in view!
No target in view!
f - 11 boomerangs (gained 4)
Things that are here:
a +0 club; a +0 scale mail
Found a scroll of remove curse.
v - 4 scrolls of remove curse {@r2} (gained 1)
You open the door.
There is an open door here.
You open the door.
There is an open door here.
You open the door.
There is an open door here.
A jelly comes into view.
A jelly is nearby!
The jelly quivers.
You block the jelly's attack.
You barely miss the jelly. The jelly barely misses you.
You hit the jelly.
Your hands burn!
You tail-slap the jelly. The jelly hits you but does no damage.
You punch the jelly!
You kill the jelly!
Your life force feels restored.
No target in view!
Snorg the Insatiable comes into view.
Snorg shouts!
Found 17 gold pieces.
You grow a pair of large bovine horns.
Your feet morph into talons.
You hit Snorg. You claw Snorg.
Snorg goes berserk!
You completely miss Snorg. Snorg bites you but does no damage.
Snorg closely misses you. Snorg misses you.
You hit Snorg. Snorg closely misses you. Snorg misses you. Snorg claws you!
You closely miss Snorg. You claw Snorg. Snorg bites you!
Snorg barely misses you. Snorg claws you. Snorg barely misses you.
Snorg claws you. Snorg claws you!
* * * LOW HITPOINT WARNING * * *
Unknown command.
Snorg bites you!!
* * * LOW HITPOINT WARNING * * *
Snorg claws you!
* * * LOW HITPOINT WARNING * * *
Snorg claws you!!
You die...
Your body glows with a rainbow of weird colours and disappears.

.>##..#### #######.##...#
.......# . #........#......
.).....# . #........#......
<).....# .#####+#.....#......#
.).....# ...#..#.....#......#
.......###+##..#..#..##.#####..
.......#.......#...........#
.......#..$....#...........#
######## ##..#@##...######
#...T.#...........
+.....#...........
####.############# ..# ...#
...# ##..# #...


You could see Snorg (berserk).

Vanquished Creatures
  Grinder (D:6)
  Sigmund (D:2)
  4 yaks (D:10)
  A water moccasin (D:8)
  2 sky beasts
  An ice beast (D:9)
  A phantom (D:7)
  A necrophage (D:9)
  A hornet zombie (D:8)
  A black bear (D:7)
  An eye of draining (D:8)
  An orc warrior (D:9)
  4 ogres
  3 centaurs
  4 elf zombies (Ossuary)
  A big kobold (D:9)
  6 bullfrogs
  4 scorpions
  4 killer bees (D:9)
  An oklob sapling (D:5)
  19 wights
  5 howler monkeys
  5 centaur zombies
  11 orc wizards
  4 human zombies (Ossuary)
  4 orc priests
  A bullfrog skeleton (D:4)
  A centaur skeleton (D:9)
  6 hounds
  4 jellies
  2 worker ants
  2 iguanas
  2 hound zombies
  4 mummies
  4 gnolls
  14 adders
  2 shadow imps
  3 white imps
  An ufetubus (D:7)
  An ooze (D:1)
  An adder skeleton (D:6)
  3 adder zombies
  5 worms
  3 dart slugs
  5 leopard geckos
  24 orcs
  7 giant cockroaches
  13 goblins
  7 hobgoblins
  20 jackals
  9 kobolds
  4 quokkas
  7 bats
  6 frilled lizards
  A jackal zombie (D:8)
  3 kobold zombies
  An orc zombie (D:5)
  A quokka skeleton (D:7)
  9 rats
267 creatures vanquished.

Vanquished Creatures (others)
  3 plants
  4 withered plants (D:8)
7 creatures vanquished.

Grand Total: 274 creatures vanquished

Notes
Turn   | Place    | Note
-------+----------+-------------------------------------------
     0 | D:1      | MalarOregon the Draconian Transmuter began the quest for
                  | the Orb.
     0 | D:1      | Reached XP level 1. HP: 16/16 MP: 3/3
   267 | D:1      | Reached XP level 2. HP: 21/23 MP: 5/5
   912 | D:1      | Reached XP level 3. HP: 25/28 MP: 6/6
  1891 | D:2      | Noticed Sigmund
  1940 | D:2      | Killed Sigmund
  1940 | D:2      | Reached skill level 4 in Unarmed Combat
  1940 | D:2      | Reached XP level 4. HP: 30/37 MP: 6/8
  1940 | D:2      | Reached XP level 5. HP: 34/42 MP: 6/9
  2144 | D:2      | Learned a level 3 spell: Spider Form
  2149 | D:2      | Learned a level 4 spell: Ice Form
  2573 | D:2      | Found a sparkling altar of Nemelex Xobeh.
  2912 | D:2      | Became a worshipper of Nemelex Xobeh the Trickster
  3011 | D:3      | Reached XP level 6. HP: 50/50 MP: 8/10
  3418 | D:3      | Found a white marble altar of Elyvilon.
  3771 | D:3      | You fall into a shaft and drop 2 floors!
  3771 | D:5      | Entered Level 5 of the Dungeon
  3826 | D:5      | Found a stormy altar of Qazlal.
  3835 | D:5      | Found a burning altar of Makhleb.
  3908 | D:5      | Reached skill level 1 in Ice Magic
  4137 | D:4      | Reached skill level 5 in Unarmed Combat
  4309 | D:5      | Reached skill level 1 in Invocations
  4422 | D:5      | Reached * piety under Nemelex Xobeh
  4434 | D:5      | Found a shadowy altar of Dithmenos.
  4542 | D:5      | Found a staircase to the Ecumenical Temple.
  4632 | D:5      | Reached skill level 1 in Shields
  4632 | D:5      | Reached skill level 1 in Poison Magic
  4632 | D:5      | Your scales start taking on a dull iron-grey colour.
  4632 | D:5      | Reached XP level 7. HP: 33/57 MP: 11/11
  4632 | D:5      | Gained mutation: You can survive without breathing. [Grey
                  | Draconian growth]
  4695 | D:5      | Received a gift from Nemelex Xobeh
  4839 | Temple   | Entered the Ecumenical Temple
  5742 | D:4      | Received a gift from Nemelex Xobeh
  6038 | D:4      | Reached ** piety under Nemelex Xobeh
  6238 | D:3      | Found an ancient bone altar of Kikubaaqudgha.
  6673 | D:6      | Reached XP level 8. HP: 31/63 MP: 13/13
  6879 | D:6      | Noticed Grinder
  6895 | D:6      | Killed Grinder
  6895 | D:6      | Reached skill level 6 in Unarmed Combat
  7228 | D:6      | Got an iridescent spear
  7733 | D:7      | Reached XP level 9. HP: 61/71 MP: 15/15
  7876 | D:7      | Found a sand-covered staircase.
  7881 | Ossuary  | Entered an ossuary
  8064 | Ossuary  | Reached skill level 5 in Transmutations
  8201 | D:7      | Found a sacrificial altar of Ru.
  8381 | D:7      | Received a gift from Nemelex Xobeh
  8417 | D:7      | Reached skill level 7 in Unarmed Combat
  8473 | D:7      | Learned a level 5 spell: Blade Hands
  8701 | D:8      | Reached *** piety under Nemelex Xobeh
  9045 | D:8      | Received a gift from Nemelex Xobeh
  9076 | D:8      | Found a glowing golden altar of the Shining One.
  9094 | D:8      | Noticed Joseph
  9103 | D:8      | Noticed Joseph
  9103 | D:8      | Joseph changed into Joseph the black bear
  9124 | D:7      | Killed Joseph the black bear
  9306 | D:8      | Noticed PanSaczeczos's ghost (novice TrIE)
  9307 | D:8      | Found a transporter.
  9318 | D:8      | Noticed a two-headed ogre
  9344 | D:8      | Reached skill level 5 in Fighting
  9404 | D:8      | Found a basalt altar of Yredelemnul.
  9436 | D:8      | Reached XP level 10. HP: 70/81 MP: 17/17
  9483 | D:8      | Found a basalt altar of Yredelemnul.
  9594 | D:8      | Found a hazy altar of Hepliaklqana.
  9764 | D:9      | Reached skill level 5 in Shields
 10103 | D:9      | Found a radiant altar of Vehumet.
 10106 | D:9      | Received a gift from Nemelex Xobeh
 10349 | D:10     | Entered Level 10 of the Dungeon
 10401 | D:10     | Reached skill level 8 in Unarmed Combat
 10403 | D:10     | Reached skill level 5 in Spellcasting
 10517 | D:10     | Reached skill level 5 in Dodging
 10700 | D:10     | Noticed Snorg
 10708 | D:10     | Demolished by Snorg

Illustrated notes

Levels and vault maps discovered:
D:1:      evilmike_arrival_crescent, layout_loops_ring, serial_forest,
          infiniplex_forest_lined_1, infiniplex_forest_3_way,
          infiniplex_forest_clump_large, infiniplex_forest_straight_4,
          infiniplex_forest_end_2, infiniplex_forest_straight_4,
          infiniplex_forest_lined_corner, infiniplex_forest_zigzag_1,
          infiniplex_forest_lined_ring, minmay_misc_feat_tower,
          ebering_dispersal_statue_hall, kennysheep_small_spiral,
          minmay_misc_feat_square, palyth_stone_intersect, nrook_mini_vaults,
          st_stairs_4, hex_medium, chequers_serial_rivers_small_b,
          minmay_pentomino_o4
D:2:      layout_loops_ring, lemuel_doored_altar, uniq_sigmund
D:3:      layout_basic, marbit_many_paths, nicolae_overflow_crystal_walls,
          item_on_display_a
D:4:      layout_loops_cross, kennysheep_generic_room_10
D:5:      layout_loops_corners, minitemple, lemuel_round_altar,
          minmay_temple_entry_oklob, minmay_mini_ossuary
D:6:      layout_loops_cross, uniq_grinder
D:7:      layout_gridville, enter_ossuary_2, basic_altar
D:8:      layout_basic, kennysheep_little_box, lemuel_round_altar,
          lemuel_coloured_pillars_altar, gammafunk_ghost_smash,
          yredelemnul_altar_generic, uniq_joseph
D:9:      layout_basic, vehumet_altar_wand_db
D:10:     layout_grid_maze, lair_entry_dummy, minmay_holes, uniq_snorg
Temple:   hc_temple_tempest_star

Skill      XL: |  1  2  3  4  5  6  7  8  9 10 |
---------------+-------------------------------+-----
Dodging        | 2 3 4 5 |  5.0
Fighting       | 2 3 4 5 |  5.5
Unarmed Combat | 4 5 6 7 8 |  8.1
Transmutations | 3 4 5 6 |  6.5
Spellcasting   | 3 4 5 |  5.1
Ice Magic      | 1 2 3 4 |  4.0
Invocations    | 1 2 3 4 |  4.6
Shields        | 1 3 4 5 |  5.8
Poison Magic   | 1 2 3 |  3.0

Action                   |  1- 3 |  4- 6 |  7- 9 | 10-12 || total
-------------------------+-------+-------+-------+-------++-------
Melee: Unarmed           |   144 |   259 |   754 |   277 ||  1434
       Tailslap          |    16 |    21 |   100 |    33 ||   170
       Kick              |     5 |    17 |    87 |    65 ||   174
       Headbutt          |     3 |    10 |    55 |    41 ||   109
       Punch             |       |     3 |       |       ||     3
 Cast: Beastly Appendage |     3 |    13 |    24 |    15 ||    55
Invok: Triple Draw       |       |       |     1 |       ||     1
       Draw Destruction  |       |       |     1 |       ||     1
  Use: Scroll            |     5 |     4 |     3 |       ||    12
       Potion            |     1 |     1 |       |       ||     2
Armor: Skin              |    43 |    80 |   239 |    62 ||   424
Dodge: Dodged            |    83 |   160 |   249 |   122 ||   614
Block: Kite shield       |       |    54 |   338 |    27 ||   419
       Buckler           |       |       |       |    52 ||    52

Table legend: (Time is in decaauts)
 A = Elapsed time spent in this place.
 B = Non-inter-level travel time spent in this place.
 C = Inter-level travel time spent in this place.
 D = Time resting spent in this place.
 E = Time spent auto-exploring this place.
 F = Levels seen in this place.
 G = Mean time per level.
                   A        B        C        D        E       F      G
               +--------+--------+--------+--------+--------+-----+--------+
         Total |  10656 |  10045 |    611 |   1371 |   6265 |  12 |  888.0 |
       Dungeon |  10197 |   9599 |    598 |   1351 |   5999 |  10 | 1019.7 |
        Temple |    200 |    187 |     13 |      0 |    186 |   1 |  200.0 |
       Ossuary |    258 |    258 |      0 |     20 |     80 |   1 |  258.0 |
               +--------+--------+--------+--------+--------+-----+--------+

Top non-repeatable levels by time:
     D:1: 1689 daAuts
     D:5: 1409 daAuts
     D:2: 1238 daAuts
     D:3: 1118 daAuts
     D:7: 1030 daAuts
     D:4: 970 daAuts
     D:8: 900 daAuts
     D:6: 859 daAuts
     D:9: 667 daAuts
    D:10: 313 daAuts
 Ossuary: 258 daAuts
  Temple: 200 daAuts
